 Dungeon Crawl Stone Soup version 0.24.1-14-gf8d2b509d9 (webtiles) character file.

Game seed: 346322894907471050, levelgen mode: deterministic

11706 Gabide the Carver (level 12, 0/91 HPs)
             Began as a Human Fighter on May 19, 2020.
             Was an Elder of Elyvilon.
             Hit by a silver boomerang thrown by an orc warrior (11 damage)
             ... on level 2 of the Orcish Mines.
             The game lasted 00:36:19 (9805 turns).

Gabide the Carver (Human Fighter)                   Turns: 9805, Time: 00:36:19

Health: 0/91       AC: 19    Str: 22    XL:     12   Next: 11%
Magic:  10/13      EV:  9    Int:  9    God:    Elyvilon [****..]
Gold:   1360       SH:  0    Dex: 12    Spells: 11/11 levels left

rFire    . . .     SeeInvis .   l - +2 great sword (holy)
rCold    + . .     Gourm    .   (shield currently unavailable)
rNeg     + . .     Faith    .   o - +2 chain mail {rC+}
rPois    .         Spirit   .   h - +0 helmet
rElec    .         Reflect  .   K - +0 cloak
rCorr    .         Harm     .   v - +2 pair of gloves
MR       .....                  (no boots)
Stlth    ..........             q - amulet of regeneration (curse)
HPRegen  0.65/turn              P - +1 ring of protection
MPRegen  0.13/turn              j - ring of positive energy

@: very slightly contaminated
A: no striking features
a: Lesser Healing, Heal Other, Purification, Greater Healing, Divine Protection,
Renounce Religion


You were on level 2 of the Orcish Mines.
You worshipped Elyvilon.
Elyvilon was greatly pleased with you.
You were very hungry.

You visited 3 branches of the dungeon, and saw 12 of its levels.
You also visited: Ossuary.

You collected 1360 gold pieces.

Inventory:

Hand Weapons
 a - a +0 flail of freezing
 l - a +2 great sword of holy wrath (weapon)
 s - the +1 mace of Disaster {venom, *Slow MR+ Str-3 Dex+4, unknown}
   (You found it on level 9 of the Dungeon)

   It poisons the flesh of those it strikes.
   It affects your strength (-3).
   It affects your dexterity (+4).
   It affects your resistance to hostile enchantments.
   It may slow you when you take damage.
Armour
 b - a +0 scale mail
 c - a +0 shield
 e - a +1 large shield
 h - a +0 helmet (worn)
 i - a +1 chain mail of positive energy
 o - a +2 chain mail of cold resistance (worn)
 r - a +0 pair of gloves
 v - a +2 pair of gloves (worn)
 K - a +0 cloak (worn)
Jewellery
 g - an uncursed ring of magical power
 j - a ring of positive energy (right hand)
 q - a cursed amulet of regeneration (around neck)
 w - an uncursed ring of fire
 N - a +2 ring of dexterity
 P - a +1 ring of protection (left hand)
Wands
 t - a wand of flame (36)
 y - a wand of polymorph (13)
 H - a wand of iceblast (2)
 L - a wand of paralysis (4)
 Q - a wand of disintegration (15)
Scrolls
 n - 6 scrolls of teleportation
 x - 2 scrolls of remove curse
 B - a scroll of fog
 E - 2 scrolls of fear
Potions
 d - 4 potions of curing
 k - 3 potions of ambrosia {unknown}
 p - 2 potions of flight {unknown}
 u - 8 potions of lignification {unknown}
 z - 2 potions of resistance {unknown}
 D - 7 potions of brilliance {unknown}
 G - 2 potions of magic {unknown}
 I - 2 potions of mutation {unknown}
 J - a potion of invisibility {unknown}
 M - a potion of cancellation {unknown}
Comestibles
 f - 10 rations
 m - 5 chunks of flesh


   Skills:
 * Level 7.4 Fighting
 * Level 14.5 Long Blades
 - Level 3.5 Maces & Flails
 + Level 0.6 Throwing
 + Level 6.8 Armour
 * Level 2.2 Dodging
 - Level 3.6 Shields
 - Level 0.5 Unarmed Combat
 * Level 2.3 Invocations
 - Level 0.3 Evocations


You had 11 spell levels left.
You didn't know any spells.
Your spell library contained the following spells:

 Spells                   Type           Power        Failure   Level  Hunger
 Confusing Touch          Hex            #.....       96%         1    ##.....
 Confuse                  Hex            #.......     100%        3    ####...
 Gell's Gravitas          Tloc           #.........   100%        3    ####...
 Teleport Other           Tloc           #.......     100%        3    ####...
 Petrify                  Tmut/Erth      #.......     100%        4    #####..
 Lee's Rapid Deconstruct  Erth           #.........   100%        5    ######.
 Metabolic Englaciation   Hex/Ice        #.........   100%        5    ######.
 Summon Forest            Summ/Tloc      #.........   100%        5    ######.
 Yara's Violent Unravell  Hex/Tmut       #.........   100%        5    ######.
 Malign Gateway           Summ/Tloc      #.........   100%        7    #######


Dungeon Overview and Level Annotations

Branches:
Dungeon (9/15)             Temple (1/1) D:4            Lair (0/6) D:9
    Orc (2/2) D:9             Elf (0/3) Orc:2       Ossuary (visited)

Altars:
Ashenzari
Cheibriados
Dithmenos
Elyvilon
Fedhas
Gozag
Hepliaklqana
Kikubaaqudgha
Makhleb
Nemelex Xobeh
Okawaru
Qazlal
Ru
Sif Muna
Trog
Uskayaw
Vehumet
Wu Jian
Xom
Yredelemnul
Zin
The Shining One


Message History

You hit the orc.
The orc is moderately wounded.
The orc warrior throws a silver boomerang.
The silver boomerang hits you!
* * * LOW HITPOINT WARNING * * *
x2 The weapon returns to the orc warrior!
The orc hits you but does no damage.
The orc priest mumbles some strange prayers to Beogh against you.
Beogh smites you!
* * * LOW HITPOINT WARNING * * *
Press: ? - help, v - describe, . - travel
Here: an orc sorcerer, wielding a +0 dagger and wearing a +0 robe The floor.
Okay, then.
Okay, then.
Eat one of 6 chunks of flesh? (ye/n/q)
You eat one of the 6 chunks of flesh.
This raw flesh tastes terrible.
You are feeling very hungry.
The orc warrior throws a silver boomerang.
The silver boomerang hits you!
You die...

..................
..................
#...........$.....
#................
##...............
##................
##)..o.............
##).).o)....@oo.....
##)[##.............o.
#.)###...............
#..###................
#..###.................
#..###..................
..###...................
.###....................
###..............


You could see an orc sorcerer, an orc warrior, an orc priest and 2 orcs.

Vanquished Creatures
  3 death yaks (D:9)
  A two-headed ogre (Orc:1)
  An orc high priest (Orc:1)
  An orc knight (Orc:2)
  Pikel (D:4)
  2 trolls
  Prince Ribbit (D:6)
  A hippogriff (D:7)
  5 yaks (D:9)
  A wyvern (D:8)
  Eustachio (D:6)
  A hungry ghost (D:9)
  A warg (Orc:2)
  2 porcupines (D:9)
  16 orc warriors
  2 ice beasts
  A slave (D:4)
  2 sky beasts (D:5)
  7 ogres
  2 phantoms
  2 centaurs
  A gnoll sergeant (D:7)
  6 bullfrogs
  Dowan (D:4)
  A water moccasin skeleton (D:6)
  2 scorpions
  5 howler monkeys
  A centaur zombie (D:5)
  2 crimson imps
  2 hounds
  A jelly (D:6)
  15 orc wizards
  A gnoll shaman (D:9)
  14 orc priests
  Natasha (thrice) (D:3)
  A bullfrog skeleton (D:7)
  7 worker ants
  Ijyb (D:4)
  8 mummies (Ossuary)
  A hound skeleton (D:4)
  A howler monkey zombie (D:7)
  A howler monkey skeleton (D:3)
  11 gnolls
  4 adders
  4 shadow imps
  2 adder skeletons
  3 worms
  A dart slug (D:2)
  6 leopard geckos
  54 orcs
  3 ball pythons
  3 bats
  3 giant cockroaches
  A gnoll zombie (Ossuary)
  7 hobgoblins
  7 jackals
  6 kobolds
  7 quokkas
  5 frilled lizards
  5 goblins
  3 hobgoblin zombies (Ossuary)
  2 kobold zombies (Ossuary)
  2 orc zombies (Ossuary)
  A quokka skeleton (D:7)
  A quokka zombie (D:5)
  6 rats
276 creatures vanquished.

Vanquished Creatures (others)
  A warg (Orc:2)
  Duvessa (D:4)
  An orc (D:9)
  A kobold (D:9)
4 creatures vanquished.

Grand Total: 280 creatures vanquished

Notes
Turn   | Place    | Note
-------+----------+-------------------------------------------
     0 | D:1      | Gabide the Human Fighter began the quest for the Orb.
     0 | D:1      | Reached XP level 1. HP: 18/18 MP: 1/1
   383 | D:1      | Reached XP level 2. HP: 22/24 MP: 2/2
  1052 | D:2      | Found an ancient bone altar of Kikubaaqudgha.
  1117 | D:2      | Reached XP level 3. HP: 26/29 MP: 3/3
  1247 | D:2      | Found a radiant altar of Vehumet.
  1863 | D:3      | Reached XP level 4. HP: 33/35 MP: 4/4
  1968 | D:3      | Reached XP level 5. HP: 33/41 MP: 5/5
  2228 | D:3      | Noticed Natasha
  2254 | D:3      | Killed Natasha
  2254 | D:3      | Reached skill level 1 in Long Blades
  2297 | D:3      | Noticed Natasha
  2306 | D:3      | Killed Natasha
  2322 | D:3      | Reached skill level 2 in Long Blades
  2424 | D:3      | Noticed Natasha
  2429 | D:3      | Killed Natasha
  2429 | D:3      | Reached XP level 6. HP: 48/48 MP: 6/6
  2705 | D:4      | Noticed Ijyb
  2724 | D:4      | Killed Ijyb
  2756 | D:4      | Reached skill level 3 in Long Blades
  2776 | D:4      | Found a staircase to the Ecumenical Temple.
  2785 | Temple   | Entered the Ecumenical Temple
  2800 | Temple   | Became a worshipper of Elyvilon the Healer
  2973 | D:4      | Found an opulent altar of Gozag.
  2973 | D:4      | Noticed a slave
  2978 | D:4      | Killed a slave
  2978 | D:4      | Noticed Pikel
  2980 | D:4      | Noticed a slave
  2981 | D:4      | Noticed a slave
  2983 | D:4      | Noticed a slave
  2988 | D:4      | Killed Pikel
  2988 | D:4      | Reached skill level 5 in Long Blades
  2988 | D:4      | Reached XP level 7. HP: 46/54 MP: 7/7
  2988 | D:4      | Reached XP level 8. HP: 52/60 MP: 8/8
  3016 | D:4      | Killed Duvessa
  3026 | D:4      | Noticed Dowan
  3037 | D:4      | Killed Dowan
  3037 | D:4      | Reached skill level 6 in Long Blades
  3450 | D:4      | Found a sacrificial altar of Ru.
  3451 | D:4      | Found a hazy altar of Hepliaklqana.
  3455 | D:4      | Found a glowing silver altar of Zin.
  3511 | D:5      | Entered Level 5 of the Dungeon
  3531 | D:5      | Reached * piety under Elyvilon
  3709 | D:5      | Reached skill level 7 in Long Blades
  3965 | D:5      | Reached ** piety under Elyvilon
  3999 | D:5      | Found a bloodstained altar of Trog.
  3999 | D:5      | Found an iron altar of Okawaru.
  4389 | D:5      | Reached skill level 8 in Long Blades
  4389 | D:5      | Reached XP level 9. HP: 29/66 MP: 9/9
  4963 | D:6      | Found a blossoming altar of Fedhas.
  5044 | D:6      | Reached skill level 9 in Long Blades
  5094 | D:6      | Noticed Prince Ribbit
  5109 | D:6      | Killed Prince Ribbit
  5109 | D:6      | Reached skill level 5 in Fighting
  5182 | D:6      | Reached skill level 5 in Armour
  5269 | D:6      | Noticed Eustachio
  5283 | D:6      | Killed Eustachio
  5368 | D:6      | Reached *** piety under Elyvilon
  5759 | D:7      | Found a sand-covered staircase.
  5764 | Ossuary  | Entered an ossuary
  5843 | Ossuary  | Reached skill level 10 in Long Blades
  5975 | D:7      | Noticed a hippogriff
  5987 | D:7      | Killed a hippogriff
  6081 | D:7      | Found a glowing golden altar of the Shining One.
  6091 | D:7      | Reached XP level 10. HP: 74/74 MP: 10/10
  6409 | D:7      | Reached skill level 11 in Long Blades
  6692 | D:7      | Reached **** piety under Elyvilon
  7477 | D:9      | Reached skill level 12 in Long Blades
  7556 | D:9      | Noticed a death yak
  7557 | D:9      | Noticed a death yak
  7568 | D:9      | Noticed a death yak
  7573 | D:9      | Killed a death yak
  7579 | D:9      | Killed a death yak
  7579 | D:9      | Reached XP level 11. HP: 59/81 MP: 11/11
  7583 | D:9      | Killed a death yak
  7583 | D:9      | Reached skill level 13 in Long Blades
  7645 | D:9      | Found a staircase to the Lair.
  7670 | D:9      | Found a shimmering altar of Xom.
  7730 | D:9      | Got an ancient mace
  7983 | D:9      | Found a staircase to the Orcish Mines.
  7984 | D:9      | Identified the Almanac of the Ashen Compass
  8230 | Orc:1    | Entered Level 1 of the Orcish Mines
  8466 | Orc:2    | Entered Level 2 of the Orcish Mines
  8487 | Orc:2    | HP: 5/124 [orc priest/divine providence (11)]
  8489 | Orc:2    | HP: 1/124 [warg (5)]
  8497 | Orc:2    | HP: 1/83 [something/puff of flame (4)]
  8763 | Orc:2    | Reached ***** piety under Elyvilon
  8765 | Orc:2    | Noticed an orc knight
  8935 | Orc:2    | Killed an orc knight
  8935 | Orc:2    | Reached skill level 1 in Dodging
  8978 | Orc:2    | Reached skill level 14 in Long Blades
  8988 | Orc:2    | Reached skill level 1 in Invocations
  9053 | Orc:2    | Found a staircase to the Elven Halls.
  9120 | Orc:2    | Noticed an orc high priest
  9124 | Orc:2    | Noticed a soul eater
  9234 | Orc:1    | Noticed a two-headed ogre
  9250 | Orc:1    | Killed a two-headed ogre
  9561 | Orc:2    | Noticed a sixfirhy
  9561 | Orc:2    | Noticed a soul eater
  9577 | Orc:1    | Killed an orc high priest
  9577 | Orc:1    | Reached XP level 12. HP: 37/91 MP: 13/13
  9805 | Orc:2    | Hit by a silver boomerang thrown by an orc warrior

Levels and vault maps discovered:
D:1:      minmay_arrival_diagonal_passages, layout_basic, dk_noncrumbling_3,
          chequers_mini_garden
D:2:      layout_basic, overflow_temple_1_default, lemuel_crystal_altar
D:3:      layout_loops_ring, uniq_natasha
D:4:      layout_loops_ring, minitemple, minmay_temple_entry_sparse_star,
          uniq_pikel, uniq_duvessa, uniq_ijyb
D:5:      cheibrodos_two_vegetables, layout_basic,
          grunt_temple_overflow_bloody_war, first_ration, st_stairs_11
D:6:      layout_loops_cross, lemuel_crystal_altar, minmay_misc_feat_nine_boxes,
          uniq_eustachio, uniq_prince_ribbit1
D:7:      layout_basic, old_standard_altar, nicolae_ossuary_entry_plus
D:8:      layout_loops_ring
D:9:      layout_roguey, dpeg_lair_monsters, erik_orc_2, basic_altar
Temple:   nicolae_temple_hex_pool
Orc:1:    layout_diamond_mine
Orc:2:    pf_orc_diabolical, layout_diamond_mine, basic_altar, uniq_azrael

Skill      XL: |  1  2  3  4  5  6  7  8  9 10 11 |
---------------+----------------------------------+-----
Maces & Flails | 3 |  3.5
Long Blades    | 2 5 8 10 12 14 | 14.5
Fighting       | 4 5 6 7 |  7.4
Armour         | 4 5 6 |  6.8
Dodging        | 2 |  2.2
Invocations    | 2 |  2.3
Throwing       | |  0.6
Shields        | |  3.6
Unarmed Combat | |  0.5
Evocations     | |  0.3

Action                   |  1- 3 |  4- 6 |  7- 9 | 10-12 || total
-------------------------+-------+-------+-------+-------++-------
Melee: Flail             |   137 |    55 |       |       ||   192
       Great sword       |       |    99 |   237 |   412 ||   748
       Unarmed           |       |     5 |       |       ||     5
Throw: Boomerang         |       |       |     1 |     1 ||     2
       Throwing net      |       |       |       |     1 ||     1
Invok: Greater Healing   |       |       |       |     4 ||     4
       Purification      |       |       |       |     1 ||     1
Evoke: Wand              |       |       |       |    18 ||    18
  Use: Scroll            |     8 |     1 |     7 |     6 ||    22
       Potion            |       |     3 |       |     8 ||    11
 Stab: Held in net/web   |       |       |       |     1 ||     1
  Eat: Chunk             |     3 |     4 |     4 |     9 ||    20
       Ration            |       |       |     2 |     2 ||     4
Armor: Scale mail        |    35 |       |       |       ||    35
       Chain mail        |    40 |   112 |   177 |   301 ||   630
       Skin              |       |     1 |       |       ||     1
Dodge: Dodged            |    37 |    61 |    96 |   202 ||   396
Block: Shield            |    55 |    25 |       |       ||    80
       Rpst.: Great sword |       |    17 |    29 |    53 ||    99
